 Dungeon Crawl Stone Soup version 0.31-a0-971-g75a2e9a4b4 (webtiles) character file.

Game seed: 14052686120141446210

21 Felidowicz the Trooper (level 2, -1/19 HPs)
             Began as a Gargoyle Fighter on Oct 28, 2023.
             Slain by an orc
             ... wielding a +0 falchion
              (5 damage)
             ... on level 3 of the Dungeon.
             The game lasted 00:03:26 (855 turns).

Felidowicz the Trooper (Gargoyle Fighter)            Turns: 855, Time: 00:03:28

Health: -1/19      AC:  9    Str: 19    XL:     2   Next: 87%
Magic:  2/2        EV:  9    Int:  8    God:
Gold:   68         SH:  4    Dex:  9    Spells: 1/1 levels left

rFire   . . .        a - +0 flail
rCold   . . .        c - +0 buckler
rNeg    + . .        b - +0 scale mail
rPois   ∞            (no helmet)
rElec   +            (no cloak)
rCorr   .            (no gloves)
SInv    .            (no boots)
Will    .....        (no amulet) Stlth
                     (no ring)
HPRegen 0.23/turn    (no ring)
MPRegen 0.08/turn

%: no passive effects
@: no status effects
A: sickness immunity, AC +2, negative energy resistance 1, electricity
resistance, torment resistance 1, petrification resistance
a: no special abilities


You were on level 3 of the Dungeon.
You visited 1 branch of the dungeon, and saw 3 of its levels.

You collected 68 gold pieces.

Inventory:

Hand Weapons
 a - a +0 flail (weapon)
Armour
 b - a +0 scale mail (worn)
 c - a +0 buckler (worn)
Jewellery
 f - an amulet of regeneration
Scrolls
 e - a scroll of silence {unknown}
 g - a scroll of enchant weapon {unknown}
Potions
 d - a potion of might
 h - a potion of brilliance {unknown}


   Skills:
 + Level 3.6 Fighting
 + Level 2.3 Maces & Flails
 + Level 3.5 Armour
 + Level 3.5 Shields


You had one spell level left.
You didn't know any spells.
Your spell library was empty.

Dungeon Overview and Level Annotations

Branches:
Dungeon (3/15)

Altars:


Innate Abilities, Weirdness & Mutations

You are immune to sickness and miasma.
Your stone body is resilient. (AC +2)
You are immune to poison.
You resist negative energy. (rN+)
You are resistant to electric shocks. (rElec)
You are resistant to unholy torment.
You are immune to petrification.


Message History

You hit the orc but do no damage. The orc barely misses you.
The orc hits you but does no damage. The orc hits you with a +0 dagger.
You closely miss the orc.
You hear some strange, mumbled words.
A magic dart appears from out of thin air!
The magic dart hits you. The orc closely misses you.
You are too injured to fight recklessly!
You are too injured to fight recklessly!
You are too injured to fight recklessly!
You are too injured to fight recklessly!
You are too injured to fight recklessly!
You are too injured to fight recklessly!
You hit the orc.
The orc is lightly wounded.
Something hits you. The orc hits you but does no damage.
You closely miss the orc.
The orc is lightly wounded.
Something hits you but does no damage. The orc hits you but does no damage. x2
Something hits you but does no damage.
You barely miss the orc. Something hits you.
The orc hits you but does no damage.
You hit the orc.
The orc is moderately wounded.
Something hits you but does no damage. The orc hits you but does no damage.
Something hits you. The orc hits you but does no damage.
You sock the orc!
You kill the orc!
You hear some strange, mumbled words.
A puff of flame appears from out of thin air!
The puff of flame hits you but does no damage.
You sock the orc!
You kill the orc!
Something hits you but does no damage.
You hit the orc.
The orc is heavily wounded.
Something hits you.
* * * LOW HITPOINT WARNING * * *
The orc hits you but does no damage. You block something's attack.
The orc hits you with a +0 falchion.
You die...

#.###...#..#
.......+..# . #
#......#..+.. #
#........... #####
#.........#.# ....#
..#......... ....###
#.##o{......
......#### ##.##@#
....#.##.# #.....#
###.#....# ##....#
....####[###.....#..
######...##........#
####.####...>#.....
#....####....#......
#.#<....[...>#......
# ###.#############.


You could see an orc.

Vanquished Creatures
  2 orcs (D:3)
  4 endoplasms
  A giant cockroach (D:2)
  2 goblins (D:1)
  A hobgoblin (D:2)
  2 bats (D:2)
  3 kobolds (D:1)
  3 rats
18 creatures vanquished.

Notes
Turn   | Place    | Note
-------+----------+-------------------------------------------
     0 | D:1      | Felidowicz the Gargoyle Fighter began the quest for the
                  | Orb.
     0 | D:1      | Reached XP level 1. HP: 14/14 MP: 1/1
   548 | D:1      | Reached XP level 2. HP: 18/19 MP: 2/2
   801 | D:3      | Identified the "Zogiuggior"
   855 | D:3      | Slain by an orc

Illustrated notes

Levels and vault maps discovered:
D:1:      ncdulo_watergridlock, layout_loops_ring
D:2:      layout_rooms, nicolae_elevator_lobby_asterisk
D:3:      layout_basic, led_sif_book, evilmike_ruin_ashenzari,
          nemelex_xobeh_ov_fountains_minmay, shapermc_ecumenical_altar_gd,
          supply_closet_lemuel, nicolae_nh_oracle_at_delphi

Action                     || total
---------------------------++-------
  Melee: Flail             ||    72
 Armour: Scale mail        ||    90
  Dodge: Dodged            ||    44
  Block: Buckler           ||    16

Table legend: (Time is in decaauts)
 A = Elapsed time spent in this place.
 B = Non-inter-level travel time spent in this place.
 C = Inter-level travel time spent in this place.
 D = Time resting spent in this place.
 E = Time spent auto-exploring this place.
 F = Levels seen in this place.
 G = Mean time per level.
                   A        B        C        D        E       F      G
               +--------+--------+--------+--------+--------+-----+--------+
         Total |    879 |    826 |     53 |      3 |    640 |   3 |  293.0 |
       Dungeon |    879 |    826 |     53 |      3 |    640 |   3 |  293.0 |
               +--------+--------+--------+--------+--------+-----+--------+

Top non-repeatable levels by time:
     D:1: 669 daAuts
     D:2: 151 daAuts
     D:3: 58 daAuts
